 Dungeon Crawl Stone Soup version 0.21-a0-528-gf531e82 (webtiles) character file.

294 Amnesiac the Shooter (level 6, -1/47 HPs)
             Began as a Mummy Hunter on Dec 8, 2017.
             Slain by a sky beast (5 damage)
             ... on level 5 of the Dungeon.
             The game lasted 00:03:57 (2797 turns).

Amnesiac the Shooter (Mummy Hunter)                 Turns: 2797, Time: 00:03:57

Health: -1/47      AC:  5    Str: 18    XL:     6   Next: 11%
Magic:  6/6        EV:  6    Int: 10    God:
Gold:   151        SH:  0    Dex: 12    Spells: 5/5 levels left

rFire    x . .     SeeInvis .   b - +0 spear
rCold    + . .     Gourm    .   (no shield)
rNeg     + + +     Faith    .   i - +0 ring mail
rPois    ∞         Spirit   .   (no helmet)
rElec    .         Reflect  .   (no cloak)
rCorr    .         Harm     .   (no gloves)
MR       .....                  (no boots)
Stlth    +.........             (no amulet)
HPRegen  0.15/turn              (no ring)
MPRegen  0.10/turn              (no ring)

@: held
A: no food or potions, fire vulnerability, cold resistance 1, negative energy
resistance 3, torment resistance, unbreathing
a: no special abilities


You were on level 5 of the Dungeon.
You were not hungry.

You visited 1 branch of the dungeon, and saw 5 of its levels.

You collected 151 gold pieces.

Inventory:

Hand Weapons
 a - a +1 shortbow
 b - a +0 spear (weapon)
Missiles
 c - 12 poisoned needles
 d - 4 arrows
 f - 45 stones (quivered)
Armour
 i - a +0 ring mail (worn)
Scrolls
 g - a scroll of fog {!r}


   Skills:
 + Level 3.2 Fighting
 * Level 4.5 Bows
 + Level 2.5 Armour
 + Level 2.5 Dodging
 - Level 0.7 Stealth


You had 5 spell levels left.
You didn't know any spells.

Dungeon Overview and Level Annotations

Branches:
Dungeon (5/15)
 Temple: D:4-7

Altars:

Annotations:
D:4 Pikel


Innate Abilities, Weirdness & Mutations

You do not eat or drink.
Your flesh is vulnerable to fire.
You are immune to poison.
Your flesh is cold resistant. (rC+)
You are immune to negative energy. (rN+++)
You are immune to unholy pain and torment.
You can survive without breathing.


Message History

Press: ? - help, Dir - move target cursor, f/p - giant cockroach
Aim: a giant cockroach (clinging)
You hit the giant cockroach.
You kill the giant cockroach!
Attack whom?
Press: ? - help, Dir - move target cursor, f - you That would be overly suicidal.
Okay, then.
Attack whom?
Press: ? - help, Dir - move target cursor, f - you
Okay, then.
You start resting.
A centaur comes into view.
Really read
e - a scroll of identify {!r}?
As you read the scroll of identify {!r}, it crumbles to dust.
j - a scroll of teleportation {!r} The centaur shouts!
You hear a shout!
The centaur wields a shortbow.
The centaur shoots an arrow.
The arrow barely misses you.
The centaur shoots an arrow.
The arrow hits you.
* * * LOW HITPOINT WARNING * * *
Really read
j - a scroll of teleportation {!r}?
As you read the scroll of teleportation {!r}, it crumbles to dust.
You feel strangely unstable.
The centaur shoots an arrow.
The arrow hits you.
* * * LOW HITPOINT WARNING * * *
The centaur shoots an arrow.
The arrow hits you.
* * * LOW HITPOINT WARNING * * *
You see here an arrow.
The centaur shoots an arrow.
The arrow closely misses you.
The centaur shoots an arrow.
The arrow hits you.
* * * LOW HITPOINT WARNING * * *
You see here an arrow.
A centaur comes into view.
The centaur shouts!
The centaur moves out of view.
The centaur unwields an uncursed shortbow.
The centaur completely misses you.
Okay, then.
You can't drink.
Unknown command.
Really read
h - a scroll of noise {!r}?
As you read the scroll of noise {!r}, it crumbles to dust.
You hear a loud clanging noise!
Your surroundings suddenly seem different.
An orc comes into view. It is wielding a long sword.
The orc shouts!
An orc comes into view. It is wielding a mace.
The orc shouts!
A gnoll comes into view.
The gnoll shouts!
A gnoll comes into view. It is wielding a flail.
The gnoll shouts!
You hear an angry hiss.
The gnoll throws a throwing net.
The throwing net hits you.
You become entangled in the net!
Found a throwing net.
Found an escape hatch in the floor.
An adder, a sky beast and a gnoll come into view.
You struggle against the net.
You struggle against the net.
The sky beast hits you but does no damage.
You struggle against the net.
The sky beast flickers out of sight!
Deactivating autopickup; reactivate with Ctrl-A.
Something hits you.
* * * LOW HITPOINT WARNING * * *
Something shocks you.
You die...

... ... #####..
>....S. .......
....o..
......g##
....gg{@# #.#
.....o#.# #.#
..... #.. #(#
.... ##.##.# ...
..#.# ## #.#(#
#####.#.########
.....$.(...†...#
.#####.†######.#


You could see 3 gnolls, an adder and 2 orcs.

Vanquished Creatures
  A water moccasin (D:5)
  A howler monkey (D:5)
  A worker ant (D:3)
  5 adders
  2 worms (D:2)
  A dart slug (D:1)
  3 orcs
  5 giant cockroaches
  6 goblins
  9 hobgoblins
  5 jackals
  6 kobolds
  5 quokkas
  2 ball pythons
  8 bats
  6 rats
66 creatures vanquished.

Notes
Turn   | Place    | Note
-------+----------+-------------------------------------------
     0 | D:1      | Amnesiac the Mummy Hunter began the quest for the Orb.
     0 | D:1      | Reached XP level 1. HP: 16/16 MP: 1/1
    67 | D:1      | Reached skill level 1 in Armour
    86 | D:1      | Reached XP level 2. HP: 15/22 MP: 2/2
   770 | D:2      | Reached XP level 3. HP: 7/27 MP: 3/3
   812 | D:2      | HP: 1/27 [worm (10)]
  1800 | D:3      | Reached XP level 4. HP: 26/34 MP: 4/4
  2162 | D:3      | Reached skill level 4 in Bows
  2484 | D:3      | Reached XP level 5. HP: 38/39 MP: 5/5
  2619 | D:4      | Noticed Pikel
  2619 | D:4      | Noticed a slave
  2619 | D:4      | Noticed a slave
  2619 | D:4      | Noticed a slave
  2620 | D:4      | Noticed a slave
  2627 | D:5      | Entered Level 5 of the Dungeon
  2663 | D:5      | Noticed a water moccasin
  2676 | D:5      | HP: 1/40 [water moccasin (5)]
  2677 | D:5      | Killed a water moccasin
  2677 | D:5      | Reached XP level 6. HP: 1/47 MP: 6/6
  2795 | D:5      | Noticed a sky beast
  2797 | D:5      | Slain by a sky beast

Vault maps used:
D:1:      elethiomel_arrival_quiet
D:2:      first_bread
D:4:      uniq_pikel
D:5:      fedhas_bush_and_centaur_altar

Skill      XL: |  1  2  3  4  5 |
---------------+----------------+-----
Armour         | 1 2 |  2.5
Dodging        | 2 |  2.5
Bows           | 4 |  4.5
Fighting       | 3 |  3.2
Stealth        | |  0.7

Action                   |  1- 3 |  4- 6 || total
-------------------------+-------+-------++-------
Melee: Short sword       |    14 |       ||    14
       Spear             |   104 |    88 ||   192
 Fire: Shortbow          |    77 |    60 ||   137
  Use: Scroll            |     2 |     3 ||     5
 Stab: Sleeping          |     2 |       ||     2
Armor: Leather armour    |    34 |       ||    34
       Ring mail         |     8 |    47 ||    55
Dodge: Dodged            |    93 |    89 ||   182

Table legend:
 A = Spawn XP
 B = Non-spawn XP
 C = Spawn XP percentage of total XP
 D = Spawn monster count
 E = Non-spawn monster count
 F = Spawn count percentage of total count
 G = Total turns spent on level
                    A         B        C        D         E        F      G
               +---------+---------+-------+---------+---------+-------+---------
         Total |       0 |     421 |   0.0 |       0 |      66 |   0.0 |  2797
               +---------+---------+-------+---------+---------+-------+---------
           D:1 |       0 |      36 |   0.0 |       0 |      22 |   0.0 |   790
           D:2 |       0 |      52 |   0.0 |       0 |      20 |   0.0 |   954
           D:3 |       0 |     110 |   0.0 |       0 |      16 |   0.0 |   754
           D:4 |       0 |       9 |   0.0 |       0 |       4 |   0.0 |   129
           D:5 |       0 |     214 |   0.0 |       0 |       4 |   0.0 |   170
               +---------+---------+-------+---------+---------+-------+---------
